 Seeded DCSS version 0.29.0-11-gd7f09526c8 (webtiles) character file.

Game seed: 3121381558354691732 (custom seed)

15 purpskrrrp the Shooter (level 2, 22/22 HPs)
             Began as a Formicid Hunter on Sept 7, 2022.
             Quit the game on level 1 of the Dungeon.
             The game lasted 00:02:20 (531 turns).

purpskrrrp the Shooter (Formicid Hunter)             Turns: 531, Time: 00:02:21

Health: 22/22      AC:  3    Str: 23    XL:     2   Next: 65%
Magic:  0/0        EV: 12    Int:  8    God:
Gold:   698        SH:  0    Dex: 17    Spells: 1/1 levels left

rFire   . . .      SeeInvis +   h - +8 longbow of Infection {venom, rPois rN++ MP-9 Str+2}
rCold   . . .      Faith    .   (no shield)
rNeg    + + .      Spirit   .   c - +0 leather armour
rPois   +          Reflect  .   (helmet unavailable)
rElec   .          Harm     .   (no cloak)
rCorr   .          Rampage  .   (no gloves)
Will    .....                   (no boots)
Stlth   ++........              (no amulet)
HPRegen 0.07/turn               f - +6 ring of strength
MPRegen 0.07/turn               (no ring)

@: no status effects
A: permanent stasis, dig shafts and tunnels, antennae 3, four strong arms
a: Dig, Shaft Self


You were on level 1 of the Dungeon.
You visited 1 branch of the dungeon, and saw 1 of its levels.

You collected 698 gold pieces.

Inventory:

Hand Weapons
 a - a +0 shortbow
 h - the +8 longbow of Infection (weapon) {venom, rPois rN++ MP-9 Str+2}
   (You acquired it on level 1 of the Dungeon)

   Any ammunition fired from it poisons the flesh of those it strikes.
   Str:       It affects your strength (+2).
   rPois:     It protects you from poison.
   rN:        It greatly protects you from negative energy.
   MP:        It affects your magic capacity (-9).
Missiles
 g - 2 throwing nets
Armour
 c - a +0 leather armour (worn)
 e - the +3 pair of mountain boots {steadfast, rC+}
   (You acquired it on level 1 of the Dungeon)

   It prevents involuntary movement, except for blinking, teleportation, or
   banishment.
   rC:        It protects you from cold.
Jewellery
 f - a +6 ring of strength (left hand)
Scrolls
 b - a scroll of immolation
 d - 2 scrolls of identify {unknown}
 i - a scroll of magic mapping {unknown}
 j - a scroll of enchant weapon {unknown}
 l - 3 scrolls of amnesia {unknown}
Potions
 k - a potion of magic {unknown}


   Skills:
 - Level 2.1 Fighting
 + Level 4.6 Ranged Weapons
 - Level 1.7 Dodging
 - Level 1.2 Stealth


You had one spell level left.
You didn't know any spells.
Your spell library contained the following spells:

 Spells                   Type           Power      Damage    Failure   Level
 Sting                    Tmut/Pois      0%         1d3       45%         1


Dungeon Overview and Level Annotations

Branches:
Dungeon (1/15)

Altars:


Innate Abilities, Weirdness & Mutations

You cannot be hasted, slowed, berserked, paralysed or teleported.
You can dig through walls and to a lower floor.
You have a pair of large antennae on your head. (SInv)
Your four strong arms can wield two-handed weapons with a shield.


Message History

Found a stone staircase leading down.
There is a stone staircase leading down here.
You now have 685 gold pieces (gained 4).
d - 2 scrolls labelled TEMPAR ULUY (gained 1)
l - 3 scrolls labelled SEMNARR YZOISM A rat comes into view.
A rat is nearby!
A rat is nearby!
A rat is nearby!
A rat is nearby!
A rat is nearby!
You shoot an arrow. The arrow hits the rat!
You kill the rat!
A bat comes into view.
The bat barely misses you.
You shoot an arrow. The arrow hits the bat!
You kill the bat!
No target in view!
No target in view!
No target in view!
No target in view!
No target in view!
No target in view!
You see here a frilled lizard skeleton.
Key pressed, stopping explore.
You now have 698 gold pieces (gained 13).
Done exploring.
Done exploring.
Done exploring.
Done exploring.
Done exploring.
No target in view!
No target in view!
No target in view!
No target in view!
No target in view!
No target in view!
Unknown command.
Unknown command.
Are you sure you want to abandon this character and quit the game? (Confirm with "yes".)

##################
#
#.........@......#
###
#.##############.#
##.# #.#
#######.### ##...
#.######
#.........####....
####......#
#.#####.#.........
#.....###.# #.#
#...........
#.###.# #.# #.#
#########..) #.#
#.# #.###.# ##.#
#.# #.# #.....#
#.#


There were no monsters in sight!

Vanquished Creatures
  3 bats (D:1)
  An endoplasm (D:1)
  3 goblins (D:1)
  A hobgoblin (D:1)
  2 jackals (D:1)
  A frilled lizard (D:1)
  3 rats (D:1)
14 creatures vanquished.

Notes
Turn   | Place    | Note
-------+----------+-------------------------------------------
     0 | D:1      | purpskrrrp the Formicid Hunter began the quest for the Orb.
     0 | D:1      | Reached XP level 1. HP: 16/16 MP: 1/1
   158 | D:1      | Found a faded altar of an unknown god.
   162 | D:1      | Got Plato's Secrets of Vitiation
   212 | D:1      | Identified 3 scrolls of acquirement
   212 | D:1      | Acquired 618 gold pieces
   213 | D:1      | Acquired the +8 longbow of Infection {venom, rPois rN++
                  | MP-9 Str+2}
   217 | D:1      | Acquired the +3 pair of mountain boots {steadfast, rC+}
   217 | D:1      | Found the +3 pair of mountain boots {steadfast, rC+}
   226 | D:1      | Reached XP level 2. HP: 22/22 MP: 0/2
   531 | D:1      | Quit the game

Illustrated notes

Levels and vault maps discovered:
D:1:      minmay_arrival_glassed_features, layout_loops_ring,
          shapermc_ecumenical_altar_rom_forum, nicolae_kite_square_tiling_tiny

Action                   || total
-------------------------++-------
 Fire: Longbow           ||    25
       Shortbow          ||     2
  Use: Scroll            ||     3
Armor: Leather armour    ||     2
Dodge: Dodged            ||     2
